 Dungeon Crawl Stone Soup version 0.26-a0-712-ga5a9c9c9d0 (webtiles) character file.

Game seed: 12818932041886234425

1264 MONIATO the Covered (level 8, -2/69 HPs)
             Began as a Minotaur Fighter on Nov 7, 2020.
             Killed by divine providence
             ... invoked by an orc priest
              (15 damage)
             ... on level 6 of the Dungeon.
             The game lasted 00:53:35 (5579 turns).

MONIATO the Covered (Minotaur Fighter)              Turns: 5579, Time: 00:53:39

Health: -2/69      AC: 18    Str: 29    XL:     8   Next: 27%
Magic:  7/7        EV:  9    Int:  5    God:
Gold:   470        SH: 11    Dex: 10    Spells: 7/7 levels left

rFire    . . .     SeeInvis .   Q - +2 flail (protect)
rCold    . . .     Faith    +   c - +0 kite shield
rNeg     . . .     Spirit   .   b - +1 scale mail
rPois    +         Reflect  .   (helmet restricted)
rElec    .         Harm     .   (no cloak)
rCorr    .         Rampage  .   H - +1 pair of gloves
MR       .....                  (no boots)
Stlth    ..........             a - amulet of faith
HPRegen  0.21/turn              t - +6 ring of strength
MPRegen  0.10/turn              O - ring of poison resistance

@: protection aura
A: retaliatory headbutt, horns 2
a: no special abilities


You were on level 6 of the Dungeon.
You visited 1 branch of the dungeon, and saw 6 of its levels.

You collected 470 gold pieces.

Inventory:

Hand Weapons
 g - a +0 hand axe
 s - a +4 dagger
 J - a +0 dagger of venom
 Q - a +2 flail of protection (weapon)
 R - a +1 vampiric whip
Missiles
 e - 28 sling bullets
 h - 213 stones (quivered)
 q - a throwing net
 P - 88 arrows
Armour
 b - a +1 scale mail (worn)
 c - a +0 kite shield (worn)
 d - +0 swamp dragon scales
 H - a +1 pair of gloves (worn)
 N - a +0 scale mail
Magical Staves
 K - an uncursed staff of air {unknown}
Jewellery
 a - an amulet of faith (around neck)
 o - an uncursed amulet of faith
 t - a +6 ring of strength (left hand)
 O - a ring of poison resistance (right hand)
Wands
 L - a wand of iceblast (8)
 Y - a wand of acid (10)
Scrolls
 k - 9 scrolls of identify {unknown}
 p - a scroll of fog {unknown}
 r - 4 scrolls of remove curse {unknown}
 v - a scroll of immolation {unknown}
 y - 5 scrolls of teleportation {unknown}
 G - 2 scrolls of enchant armour
 U - a scroll of amnesia {unknown}
 X - a scroll of magic mapping {unknown}
Potions
 j - a potion of mutation {unknown}
 m - 4 potions of stabbing {unknown}
 w - a potion of brilliance {unknown}
 z - 5 potions of lignification {unknown}
 E - 2 potions of flight {unknown}
 M - 4 potions of curing {unknown}
 V - a potion of degeneration {unknown}
 W - a potion of berserk rage {unknown}
 Z - 2 potions of might


   Skills:
 + Level 5.6 Fighting
 + Level 4.5(6.1) Axes
 + Level 6.3(7.1) Maces & Flails
 + Level 0.4 Throwing
 + Level 6.4 Armour
 + Level 2.4 Dodging
 + Level 1.0 Stealth
 + Level 6.1 Shields


You had 7 spell levels left.
You didn't know any spells.
Your spell library contained the following spells:

 Spells                   Type           Power        Failure   Level
 Corona                   Hex            #......      98%         1
 Freeze                   Ice            #...         98%         1
 Magic Dart               Conj           #...         98%         1
 Blink                    Tloc           N/A          99%         2
 Call Imp                 Summ           #.......     99%         2
 Ensorcelled Hibernation  Hex/Ice        #.....       99%         2
 Slow                     Hex            #.......     99%         2
 Confusing Touch          Hex            #.......     100%        3
 Conjure Flame            Conj/Fire      #.......     100%        3
 Dazzling Flash           Conj/Hex       #.....       100%        3
 Frozen Ramparts          Ice            #.....       100%        3
 Mephitic Cloud           Conj/Pois/Air  #.......     100%        3
 Ozocubu's Armour         Ice            #.......     100%        3
 Tukima's Dance           Hex            #.......     100%        3
 Hailstorm                Conj/Ice       #.......     100%        4
 Summon Ice Beast         Ice/Summ       #.......     100%        4


Dungeon Overview and Level Annotations

Branches:
Dungeon (6/15)
 Temple: D:4-7

Altars:
Gozag
Hepliaklqana


Innate Abilities, Weirdness & Mutations

You reflexively headbutt those who attack you in melee.
You have a pair of horns on your head.


Message History

Something hits you but does no damage. x2
You hit something. Your headbutt misses something.
The hound bites you but does no damage.
The ogre hits you with a +0 giant spiked club!
* * * LOW HITPOINT WARNING * * *
Something hits you but does no damage. The orc priest closely misses you.
The hound barely misses you. Something hits you but does no damage.
You're too confused to move!
The hound closely misses you. Something hits you but does no damage.
The orc priest hits you but does no damage.
The ogre completely misses you. Something hits you but does no damage.
The hound bites you but does no damage.
It was a potion of cancellation.
Your magical effects are unravelling.
You feel magically purged.
You feel less confused. You block something's attack.
The orc priest calls down the wrath of Beogh upon you.
Beogh smites you!
You die...

#..........####..#
#..........oh...?#
#.......####O...#######
####...†...#.#.........
####.......#.#.........
#............#.........
#......................
#.....Oo.....##........
#...##@h......#........
######{{....#..........
#....#............
#..#.#.#.....[....
#..#.#.##.........
######....#..#.........
#.......#..#..........<
#.............#.....[..
#.....#......######....


You could see an ogre, a hound and an orc priest.

Vanquished Creatures
  Maggie (D:6)
  A sky beast (D:5)
  An orc warrior (D:6)
  A black bear (D:6)
  2 bullfrogs (D:6)
  A howler monkey (D:3)
  A bullfrog zombie (D:5)
  A hound (D:6)
  2 jellies
  2 orc wizards
  Jessica (D:3)
  2 worker ants
  9 adders
  4 gnolls
  A white imp (D:6)
  An adder skeleton (D:4)
  3 worms
  5 dart slugs
  2 leopard geckos
  12 orcs
  4 giant cockroaches
  17 goblins
  19 hobgoblins
  5 jackals
  6 kobolds
  4 quokkas
  13 bats
  4 frilled lizards
  A jackal skeleton (D:4)
  7 rats
  A bush (D:1)
134 creatures vanquished.

Vanquished Creatures (others)
  3 plants (D:1)
3 creatures vanquished.

Grand Total: 137 creatures vanquished

Notes
Turn   | Place    | Note
-------+----------+-------------------------------------------
     0 | D:1      | MONIATO the Minotaur Fighter began the quest for the Orb.
     0 | D:1      | Reached XP level 1. HP: 19/19 MP: 0/0
   149 | D:1      | Reached XP level 2. HP: 27/27 MP: 1/1
   505 | D:1      | Reached XP level 3. HP: 33/33 MP: 2/2
  1529 | D:2      | Reached XP level 4. HP: 40/40 MP: 3/3
  1591 | D:2      | Reached skill level 1 in Dodging
  2691 | D:3      | Reached XP level 5. HP: 47/47 MP: 4/4
  3278 | D:3      | Reached skill level 1 in Maces & Flails
  3315 | D:3      | Noticed Jessica
  3323 | D:3      | Killed Jessica
  3477 | D:3      | Reached XP level 6. HP: 54/55 MP: 5/5
  4212 | D:5      | Entered Level 5 of the Dungeon
  4215 | D:5      | Noticed a sky beast
  4236 | D:5      | Killed a sky beast
  4236 | D:5      | Reached skill level 5 in Fighting
  4288 | D:5      | Reached skill level 5 in Shields
  4309 | D:5      | Found an opulent altar of Gozag.
  4309 | D:5      | Found a hazy altar of Hepliaklqana.
  4428 | D:5      | Reached XP level 7. HP: 58/61 MP: 6/6
  4627 | D:5      | Reached skill level 5 in Armour
  4757 | D:6      | Noticed Maggie
  4773 | D:6      | Killed Maggie
  4773 | D:6      | Reached skill level 5 in Maces & Flails
  5184 | D:6      | Reached XP level 8. HP: 58/69 MP: 7/7
  5220 | D:6      | Reached skill level 1 in Stealth
  5579 | D:6      | Killed from afar by an orc priest

Illustrated notes

Levels and vault maps discovered:
D:1:      roderic_chinese_lattice_arrival, layout_basic, serial_forest,
          infiniplex_forest_end_3, infiniplex_forest_straight_1,
          infiniplex_forest_lined_room_3, infiniplex_forest_lined_2,
          infiniplex_forest_straight_4, serial_bayou_pond_e, minmay_bisected
D:2:      cheibrodos_greedy_goblins, layout_basic, minmay_indecisive_spiral
D:3:      layout_basic, uniq_jessica
D:4:      layout_loops_ring
D:5:      layout_rooms, chequers_temple_overflow_statue_of_worship,
          kennysheep_generic_room_6
D:6:      layout_rooms, uniq_maggie, uniq_crazy_yiuf_cottage

Skill      XL: |  1  2  3  4  5  6  7  8 |
---------------+-------------------------+-----
Fighting       | 4 5 |  5.6
Shields        | 4 5 6 |  6.1
Axes           | 3 4 |  4.5
Armour         | 4 6 |  6.4
Dodging        | 1 2 |  2.4
Maces & Flails | 2 3 5 6 |  6.3
Stealth        | 1 |  1.0
Throwing       | |  0.4

Action                   |  1- 3 |  4- 6 |  7- 9 || total
-------------------------+-------+-------+-------++-------
Melee: War axe           |   138 |    83 |       ||   221
       Headbutt          |    19 |    35 |    11 ||    65
       Flail             |       |   101 |    54 ||   155
Throw: Stone             |    20 |       |       ||    20
  Use: Scroll            |     1 |       |       ||     1
       Potion            |       |       |     2 ||     2
Armor: Scale mail        |    65 |    90 |    42 ||   197
Dodge: Dodged            |    32 |    60 |    25 ||   117
Block: Kite shield       |    71 |   116 |    42 ||   229

Table legend: (Time is in decaauts)
 A = Elapsed time spent in this place.
 B = Non-inter-level travel time spent in this place.
 C = Inter-level travel time spent in this place.
 D = Time resting spent in this place.
 E = Time spent auto-exploring this place.
 F = Levels seen in this place.
 G = Mean time per level.
                   A        B        C        D        E       F      G
               +--------+--------+--------+--------+--------+-----+--------+
         Total |   5714 |   5714 |      0 |    742 |      0 |   6 |  952.3 |
       Dungeon |   5714 |   5714 |      0 |    742 |      0 |   6 |  952.3 |
               +--------+--------+--------+--------+--------+-----+--------+

Top non-repeatable levels by time:
     D:1: 1487 daAuts
     D:2: 1125 daAuts
     D:3: 1084 daAuts
     D:6: 915 daAuts
     D:4: 634 daAuts
     D:5: 468 daAuts
